 Dungeon Crawl Stone Soup version 0.30-a0-140-gd1020e658a (webtiles) character file.

Game seed: 1059221553102307072

7513 qw the Cleaver (level 11, -13/69 HPs)
             Began as a Gargoyle Fighter on Sept 24, 2022.
             Was a High Priest of Okawaru.
             Mangled by a large abomination (20 damage)
             ... on level 1 of the Abyss.
             The game lasted 00:03:50 (9266 turns).

qw the Cleaver (Gargoyle Fighter)                   Turns: 9266, Time: 00:03:51

Health: -13/69     AC: 30    Str: 24    XL:     11   Next: 16%
Magic:  13/15      EV: 10    Int:  9    God:    Okawaru [*****.]
Gold:   139        SH:  6    Dex:  9    Spells: 10/10 levels left

rFire   . . .      SeeInvis .    Y - +3 war axe
rCold   . . .      Faith    .    c - +0 buckler
rNeg    + . .      Spirit   .    l - +0 chain mail
rPois   inf        Reflect  .    e - +0 helmet
rElec   +          Harm     .    b - +0 cloak
rCorr   .          Rampage  .    (no gloves)
Will    .....                    f - +2 pair of boots
Stlth   ..........               (no amulet)
HPRegen 0.21/turn                j - +4 ring of protection
MPRegen 0.14/turn                (no ring)

@: about to teleport, heroic
A: sickness immunity, AC +8, negative energy resistance 1, electricity
resistance, torment resistance 1, petrification resistance
a: Renounce Religion, Heroism, Finesse, Duel


You were on level 1 of the Abyss.
You worshipped Okawaru.
Okawaru was extremely pleased with you.
You visited 2 branches of the dungeon, and saw 11 of its levels.
You visited the Abyss 1 time.

You collected 359 gold pieces.
You spent 220 gold pieces at shops.


Innate Abilities, Weirdness & Mutations

You are immune to sickness and miasma.
Your stone body is resilient. (AC +8)
You are immune to poison.
You resist negative energy. (rN+)
You are resistant to electric shocks. (rElec)
You are resistant to unholy torment.
You are immune to petrification.


   Skills:
 - Level 8.5(13.5) Fighting
 + Level 10.9(15.9) Axes
 - Level 1.0(6.0) Throwing
 - Level 6.9(11.9) Armour
 - Level 2.3(7.3) Dodging
 - Level 5.7(10.7) Shields
 + Level 6.6 Invocations


You had 10 spell levels left.
You didn't know any spells.
Your spell library was empty.

Inventory:

Hand Weapons
 r - a +0 morningstar
 Y - a +3 war axe (weapon)
Armour
 b - a +0 cloak (worn)
 c - a +0 buckler (worn)
 e - a +0 helmet (worn)
 f - a +2 pair of boots (worn)
 l - a +0 chain mail (worn)
Jewellery
 j - a +4 ring of protection (left hand)
Scrolls
 a - 10 scrolls of identify
 o - 5 scrolls of teleportation
Potions
 d - 2 potions of might
 g - 3 potions of lignification
 h - 3 potions of heal wounds
 i - 2 potions of cancellation
 p - a potion of haste
 q - a potion of magic
 s - a potion of attraction

Dungeon Overview and Level Annotations

Branches:
Dungeon (9/15)             Temple (1/1) D:5
   Lair: D:8-11         Orc: D:9-12

Altars:
Ashenzari
Cheibriados
Dithmenos
Elyvilon
Fedhas
Gozag
Hepliaklqana
Kikubaaqudgha
Okawaru
Qazlal
Ru
Sif Muna
Trog
Uskayaw
Vehumet
Wu Jian
Xom
Yredelemnul
Zin
The Shining One

Shops:
D:6 ?

Annotations:
D:4 3 runed translucent doors, qw's ghost, amateur GrFi
D:5 1 runed translucent door, Crazy Yiuf
D:8 3 runed translucent doors
D:11 Sonja


Message History

The smoke demon hits you but does no damage.
You block the smoke demon's attack.
You barely miss the smoke demon.
A large abomination comes into view.
The smoke demon hits you but does no damage.
The smoke demon barely misses you.
The smoke demon hits you but does no damage.
You slash the smoke demon!
The smoke demon is moderately wounded.
You hit the smoke demon.
The smoke demon is moderately wounded.
The smoke demon hits you but does no damage.
You block the smoke demon's attack. The smoke demon closely misses you.
You hit the smoke demon.
The smoke demon is heavily wounded.
The smoke demon hits you but does no damage. x3
You hit the smoke demon.
The smoke demon is heavily wounded.
The smoke demon gestures at you. The sticky flame misses you.
You slash the smoke demon!
The smoke demon is almost dead.
You slash the smoke demon!
You kill the smoke demon!
Okawaru accepts your kill.
You feel like a meek peon again.
9261 ||| INVOKING Heroism.
You gain the combat prowess of a mighty hero.
The large abomination barely misses you.
You barely miss the large abomination.
The large abomination hits you but does no damage.
You barely miss the large abomination.
You hit the large abomination but do no damage.
The large abomination hits you!!
9266 ||| READING 6 scrolls of teleportation.
As you read the scroll of teleportation, it crumbles to dust.
You feel strangely unstable.
You feel the power of the Abyss delaying your translocation!
The large abomination hits you!!
You die...

. .# ## ### #.#
#.## . #..#
#...####.####.#.
#.....X@........
..#.####.####.#.
#.# ### . #


You could see a large abomination.

Vanquished Creatures
  Erica (D:8)
  2 two-headed ogres (D:8)
  A soul eater (Abyss:1)
  Joseph (D:8)
  A smoke demon (Abyss:1)
  Maggie (D:7)
  Sigmund (D:4)
  8 yaks
  Eustachio (D:4)
  2 ice beasts (D:7)
  A black bear (D:5)
  2 sky beasts
  A phantom (D:6)
  A centaur (D:7)
  A small abomination (Abyss:1)
  2 kobold brigands
  4 bullfrogs
  6 scorpions
  2 necrophages
  3 wights (D:8)
  7 killer bees
  4 howler monkeys
  2 hounds
  3 jellies
  An iguana (D:5)
  6 orc wizards
  21 gnolls
  8 adders
  A shadow imp (D:6)
  3 white imps
  An ufetubus (D:6)
  A worm (D:4)
  7 dart slugs
  18 orcs
  9 ball pythons
  4 bats
  6 endoplasms
  A giant cockroach (D:3)
  7 goblins
  6 hobgoblins
  6 jackals (D:3)
  15 kobolds
  4 quokkas
  2 frilled lizards (D:3)
  5 rats
190 creatures vanquished.

Vanquished Creatures (others)
  7 fungi (D:5)
  11 plants (D:4)
18 creatures vanquished.

Grand Total: 208 creatures vanquished

Notes
Turn   | Place    | Note
-------+----------+-------------------------------------------
     0 | D:1      | qw the Gargoyle Fighter began the quest for the Orb.
     0 | D:1      | Reached XP level 1. HP: 14/14 MP: 1/1
     0 | D:1      | 0 ||| qw: Version: 0.1.0-9-gbc19398
     0 | D:1      | 0 ||| qw: Game counter: 18
     0 | D:1      | 0 ||| qw: Always use a shield: true
     0 | D:1      | 0 ||| qw: God list: Okawaru
     0 | D:1      | 0 ||| qw: Allow faded altars: false
     0 | D:1      | 0 ||| qw: Do Orc after D:15 true
     0 | D:1      | 0 ||| qw: Do second Lair branch before Depths: true
     0 | D:1      | 0 ||| qw: Lair rune preference: random
     0 | D:1      | 0 ||| qw: Plans: Normal, Zot:1-4, God:TSO, Crypt, Tomb,
                  | Pan, Slime:5, Hells, Abyss, Orb
     0 | D:1      | 0 ||| PLANNING D:1-11
    49 | D:1      | 49 ||| Stepping ~*~*~tactically~*~*~ (hiding).
    58 | D:1      | Reached skill level 2 in Axes
   349 | D:1      | Reached XP level 2. HP: 15/19 MP: 2/2
   542 | D:1      | Reached skill level 3 in Axes
   782 | D:1      | Reached XP level 3. HP: 23/23 MP: 3/3
   784 | D:1      | 784 ||| Stepping ~*~*~tactically~*~*~ (stealth).
   789 | D:1      | 789 ||| Stepping ~*~*~tactically~*~*~ (stealth).
   809 | D:1      | 809 ||| DROPPING +0 whip.
  1169 | D:1      | 1169 ||| Stepping ~*~*~tactically~*~*~ (stealth).
  1402 | D:1      | 1402 ||| UPGRADING to +0 helmet.
  1407 | D:1      | 1407 ||| UPGRADING to +2 pair of boots.
  1412 | D:1      | 1412 ||| READING 2 scrolls labelled LAIJAUDOEP.
  1413 | D:1      | 1413 ||| READING scroll of enchant weapon.
  1413 | D:1      | 1413 ||| ENCHANTING +1 war axe.
  1414 | D:1      | 1414 ||| READING 2 scrolls labelled FYN SAINGO.
  1415 | D:1      | 1415 ||| READING scroll labelled YXAECUA MASU.
  1416 | D:1      | 1416 ||| READING scroll labelled SERECV XOCA.
  1417 | D:1      | 1417 ||| READING scroll labelled TEIJIECASHRO.
  1418 | D:1      | 1418 ||| DROPPING scroll of butterflies.
  1661 | D:2      | Found a faded altar of an unknown god.
  1989 | D:2      | Reached XP level 4. HP: 28/28 MP: 4/4
  2194 | D:2      | 2194 ||| READING scroll labelled LOXI BAEVUCI.
  2195 | D:2      | 2195 ||| DRINKING 2 fuming golden potions.
  2245 | D:2      | 2245 ||| DRINKING 2 bubbling brown potions.
  2326 | D:3      | 2326 ||| Stepping ~*~*~tactically~*~*~ (stealth).
  2327 | D:3      | 2327 ||| Stepping ~*~*~tactically~*~*~ (stealth).
  2329 | D:3      | 2329 ||| Stepping ~*~*~tactically~*~*~ (hiding).
  2334 | D:3      | Reached skill level 4 in Axes
  2602 | D:3      | 2602 ||| Stepping ~*~*~tactically~*~*~ (hiding).
  2603 | D:3      | 2603 ||| Stepping ~*~*~tactically~*~*~ (hiding).
  2604 | D:3      | 2604 ||| Stepping ~*~*~tactically~*~*~ (hiding).
  2605 | D:3      | 2605 ||| Stepping ~*~*~tactically~*~*~ (hiding).
  2606 | D:3      | 2606 ||| Stepping ~*~*~tactically~*~*~ (hiding).
  2621 | D:3      | 2621 ||| FLEEEEING.
  2622 | D:3      | 2622 ||| FLEEEEING.
  2623 | D:3      | 2623 ||| FLEEEEING.
  2624 | D:3      | 2624 ||| FLEEEEING.
  2625 | D:3      | 2625 ||| FLEEEEING.
  2626 | D:3      | 2626 ||| FLEEEEING.
  2627 | D:3      | 2627 ||| FLEEEEING.
  2628 | D:3      | 2628 ||| FLEEEEING.
  2629 | D:3      | 2629 ||| FLEEEEING.
  2630 | D:3      | 2630 ||| FLEEEEING.
  2631 | D:3      | 2631 ||| FLEEEEING.
  2632 | D:3      | 2632 ||| FLEEEEING.
  2633 | D:3      | 2633 ||| FLEEEEING.
  2634 | D:3      | 2634 ||| FLEEEEING.
  2635 | D:3      | 2635 ||| FLEEEEING.
  2636 | D:3      | 2636 ||| FLEEEEING.
  2637 | D:3      | 2637 ||| FLEEEEING.
  2638 | D:3      | 2638 ||| FLEEEEING.
  2640 | D:3      | 2640 ||| FLEEEEING.
  2641 | D:3      | 2641 ||| FLEEEEING.
  2642 | D:3      | 2642 ||| FLEEEEING.
  2643 | D:3      | 2643 ||| FLEEEEING.
  2644 | D:3      | 2644 ||| FLEEEEING.
  2645 | D:3      | 2645 ||| FLEEEEING.
  2646 | D:3      | 2646 ||| FLEEEEING.
  2647 | D:3      | 2647 ||| FLEEEEING.
  2648 | D:3      | 2648 ||| FLEEEEING.
  2649 | D:3      | 2649 ||| FLEEEEING.
  2650 | D:3      | 2650 ||| STAIRDANCE
  2770 | D:2      | 2770 ||| DROPPING scarf of invisibility.
  2771 | D:2      | 2771 ||| DROPPING ring of magical power.
  2775 | D:3      | Reached XP level 5. HP: 32/32 MP: 5/5
  2782 | D:3      | 2782 ||| Stepping ~*~*~tactically~*~*~ (stealth).
  2826 | D:3      | Identified the +4 dagger "Coffoy" {drain, rF+ Will- rCorr
                  | Str+3}
  2848 | D:3      | 2848 ||| Stepping ~*~*~tactically~*~*~ (stealth).
  2849 | D:3      | 2849 ||| Stepping ~*~*~tactically~*~*~ (stealth).
  2850 | D:3      | 2850 ||| Stepping ~*~*~tactically~*~*~ (stealth).
  2851 | D:3      | 2851 ||| Stepping ~*~*~tactically~*~*~ (stealth).
  2853 | D:3      | 2853 ||| Stepping ~*~*~tactically~*~*~ (stealth).
  2858 | D:3      | 2858 ||| Stepping ~*~*~tactically~*~*~ (stealth).
  2859 | D:3      | 2859 ||| Stepping ~*~*~tactically~*~*~ (stealth).
  2861 | D:3      | 2861 ||| Stepping ~*~*~tactically~*~*~ (stealth).
  2887 | D:3      | 2887 ||| READING scroll of enchant weapon.
  2887 | D:3      | 2887 ||| ENCHANTING +2 war axe.
  2893 | D:3      | 2893 ||| Stepping ~*~*~tactically~*~*~ (stealth).
  2895 | D:3      | 2895 ||| Stepping ~*~*~tactically~*~*~ (stealth).
  3003 | D:3      | 3003 ||| Stepping ~*~*~tactically~*~*~ (hiding).
  3127 | D:3      | Reached skill level 5 in Axes
  3203 | D:3      | 3203 ||| Stepping ~*~*~tactically~*~*~ (hiding).
  3215 | D:3      | 3215 ||| DRINKING potion of curing.
  3215 | D:3      | 3215 ||| (to cure confusion)
  3453 | D:3      | 3453 ||| READING 2 scrolls labelled OXIPLI QERAIL.
  3454 | D:3      | 3454 ||| DROPPING scroll of noise.
  3573 | D:4      | 3573 ||| STAIRDANCE
  3580 | D:3      | Reached XP level 6. HP: 36/39 MP: 6/6
  3607 | D:4      | 3607 ||| STAIRDANCE
  3626 | D:4      | 3626 ||| STAIRDANCE
  3641 | D:4      | Noticed Eustachio
  3652 | D:4      | Killed Eustachio
  3656 | D:4      | 3656 ||| DROPPING +4 whip.
  3694 | D:4      | Reached XP level 7. HP: 35/44 MP: 7/7
  3695 | D:4      | Reached skill level 1 in Throwing
  3704 | D:4      | 3704 ||| Stepping ~*~*~tactically~*~*~ (stealth).
  3742 | D:4      | 3742 ||| FLEEEEING.
  3746 | D:4      | 3746 ||| FLEEEEING.
  3747 | D:4      | 3747 ||| Stepping ~*~*~tactically~*~*~ (hiding).
  3748 | D:4      | 3748 ||| FLEEEEING.
  3756 | D:4      | 3756 ||| FLEEEEING.
  3757 | D:4      | 3757 ||| FLEEEEING.
  3758 | D:4      | 3758 ||| FLEEEEING.
  3759 | D:4      | 3759 ||| FLEEEEING.
  3760 | D:4      | 3760 ||| FLEEEEING.
  3761 | D:4      | 3761 ||| FLEEEEING.
  3763 | D:4      | 3763 ||| STAIRDANCE
  3797 | D:3      | 3797 ||| UPGRADING to +4 ring of protection.
  3798 | D:3      | 3798 ||| DRINKING 2 fuming sapphire potions.
  3799 | D:3      | 3799 ||| READING 3 scrolls of identify.
  3799 | D:3      | 3799 ||| IDENTIFYING sedimented black potion
  3800 | D:3      | 3800 ||| READING 2 scrolls of identify.
  3800 | D:3      | 3800 ||| IDENTIFYING puce potion
  3801 | D:3      | 3801 ||| DROPPING potion of brilliance.
  3845 | D:4      | 3845 ||| Stepping ~*~*~tactically~*~*~ (hiding).
  3847 | D:4      | 3847 ||| Stepping ~*~*~tactically~*~*~ (hiding).
  4102 | D:4      | 4102 ||| Stepping ~*~*~tactically~*~*~ (hiding).
  4103 | D:4      | 4103 ||| Stepping ~*~*~tactically~*~*~ (hiding).
  4121 | D:4      | Noticed Sigmund
  4123 | D:4      | 4123 ||| FLEEEEING.
  4124 | D:4      | 4124 ||| FLEEEEING.
  4125 | D:4      | 4125 ||| FLEEEEING.
  4126 | D:4      | 4126 ||| FLEEEEING.
  4127 | D:4      | 4127 ||| FLEEEEING.
  4128 | D:4      | 4128 ||| FLEEEEING.
  4129 | D:4      | 4129 ||| FLEEEEING.
  4136 | D:4      | 4136 ||| FLEEEEING.
  4137 | D:4      | 4137 ||| FLEEEEING.
  4138 | D:4      | 4138 ||| FLEEEEING.
  4139 | D:4      | 4139 ||| FLEEEEING.
  4140 | D:4      | 4140 ||| STAIRDANCE
  4169 | D:3      | 4169 ||| UPGRADING to +0 chain mail.
  4179 | D:3      | 4179 ||| DROPPING +0 scale mail.
  4182 | D:4      | 4182 ||| STAIRDANCE
  4184 | D:4      | 4184 ||| STAIRDANCE
  4186 | D:4      | 4186 ||| STAIRDANCE
  4226 | D:4      | Killed Sigmund
  4227 | D:4      | Reached skill level 6 in Axes
  4396 | D:4      | Found a hide-covered altar of Uskayaw.
  4404 | D:4      | Found a runed translucent gate.
  4404 | D:4      | Found a runed translucent gate.
  4404 | D:4      | Found a runed translucent gate.
  4495 | D:4      | 4495 ||| Stepping ~*~*~tactically~*~*~ (stealth).
  4506 | D:4      | 4506 ||| Stepping ~*~*~tactically~*~*~ (stealth).
  4657 | D:4      | Noticed qw's ghost (amateur GrFi)
  4706 | D:4      | 4706 ||| READING scroll labelled OLANAQ ATAI.
  4709 | D:4      | 4709 ||| DRINKING 2 fizzy ruby potions.
  4710 | D:4      | 4710 ||| DROPPING potion of invisibility.
  4723 | D:5      | Entered Level 5 of the Dungeon
  4727 | D:5      | 4727 ||| STAIRDANCE
  4736 | D:5      | 4736 ||| STAIRDANCE
  4740 | D:4      | Reached skill level 7 in Axes
  4740 | D:4      | Reached XP level 8. HP: 40/48 MP: 8/8
  4818 | D:5      | 4818 ||| Stepping ~*~*~tactically~*~*~ (hiding).
  4822 | D:5      | Found a white marble altar of Elyvilon.
  4927 | D:5      | Found an opulent altar of Gozag.
  4928 | D:5      | Found a basalt altar of Yredelemnul.
  4928 | D:5      | Found a bloodstained altar of Trog.
  4980 | D:5      | Found a staircase to the Ecumenical Temple.
  4981 | D:5      | 4981 ||| PLANNING TEMPLE
  4986 | Temple   | Entered the Ecumenical Temple
  4987 | Temple   | 4987 ||| PLANNING D:1-11
  4994 | Temple   | Became a worshipper of Warmaster Okawaru
  5178 | D:5      | 5178 ||| Stepping ~*~*~tactically~*~*~ (hiding).
  5190 | D:5      | 5190 ||| Stepping ~*~*~tactically~*~*~ (stealth).
  5193 | D:5      | 5193 ||| Stepping ~*~*~tactically~*~*~ (stealth).
  5200 | D:5      | Reached skill level 8 in Axes
  5235 | D:5      | Noticed a yak
  5236 | D:5      | 5236 ||| Stepping ~*~*~tactically~*~*~ (stealth).
  5237 | D:5      | Noticed a yak
  5237 | D:5      | Noticed a yak
  5238 | D:5      | Noticed a yak
  5239 | D:5      | Noticed a yak
  5240 | D:5      | 5240 ||| Stepping ~*~*~tactically~*~*~ (stealth).
  5246 | D:5      | Killed a yak
  5246 | D:5      | Reached * piety under Okawaru
  5248 | D:5      | 5248 ||| Stepping ~*~*~tactically~*~*~ (stealth).
  5249 | D:5      | 5249 ||| INVOKING Heroism.
  5254 | D:5      | Killed a yak
  5255 | D:5      | Reached skill level 1 in Invocations
  5255 | D:5      | Killed a yak
  5256 | D:5      | Reached XP level 9. HP: 37/55 MP: 6/11
  5258 | D:5      | Reached skill level 6 in Fighting
  5258 | D:5      | Reached skill level 3 in Invocations
  5261 | D:5      | 5261 ||| INVOKING Heroism.
  5265 | D:5      | Reached ** piety under Okawaru
  5691 | D:5      | Found a runed translucent door.
  5692 | D:5      | Noticed Crazy Yiuf
  5695 | D:5      | 5695 ||| UPGRADING to +0 cloak.
  5890 | D:6      | 5890 ||| Stepping ~*~*~tactically~*~*~ (stealth).
  5893 | D:6      | 5893 ||| INVOKING Heroism.
  6207 | D:6      | 6207 ||| INVOKING Heroism.
  6367 | D:6      | Found Ifreliar's Magic Scroll Boutique.
  6376 | D:6      | 6376 ||| BUYING 3 scrolls of identify (66 gold).
  6376 | D:6      | Bought 3 scrolls of identify for 66 gold pieces
  6376 | D:6      | 6376 ||| BUYING scroll of identify (22 gold).
  6376 | D:6      | Bought a scroll of identify for 22 gold pieces
  6376 | D:6      | 6376 ||| BUYING scroll of identify (22 gold).
  6376 | D:6      | Bought a scroll of identify for 22 gold pieces
  6376 | D:6      | 6376 ||| BUYING scroll of identify (22 gold).
  6376 | D:6      | Bought a scroll of identify for 22 gold pieces
  6376 | D:6      | 6376 ||| BUYING scroll of identify (22 gold).
  6376 | D:6      | Bought a scroll of identify for 22 gold pieces
  6376 | D:6      | 6376 ||| BUYING scroll of teleportation (33 gold).
  6376 | D:6      | Bought a scroll of teleportation for 33 gold pieces
  6376 | D:6      | 6376 ||| BUYING scroll of teleportation (33 gold).
  6376 | D:6      | Bought a scroll of teleportation for 33 gold pieces
  6500 | D:6      | 6500 ||| DROPPING +0 flail.
  6716 | D:6      | 6716 ||| READING 8 scrolls of identify.
  6716 | D:6      | 6716 ||| IDENTIFYING fuming dark potion
  6717 | D:6      | 6717 ||| READING 7 scrolls of identify.
  6717 | D:6      | 6717 ||| IDENTIFYING fuming cyan potion
  6718 | D:6      | 6718 ||| DROPPING potion of flight.
  6739 | D:7      | 6739 ||| STAIRDANCE
  6750 | D:6      | Reached skill level 9 in Axes
  6780 | D:7      | 6780 ||| STAIRDANCE
  6782 | D:6      | 6782 ||| INVOKING Heroism.
  6830 | D:7      | 6830 ||| STAIRDANCE
  6839 | D:7      | 6839 ||| STAIRDANCE
  6962 | D:7      | 6962 ||| Stepping ~*~*~tactically~*~*~ (stealth).
  6991 | D:7      | Noticed Maggie
  7009 | D:7      | Killed Maggie
  7167 | D:7      | Found a stormy altar of Qazlal.
  7198 | D:7      | Found a shimmering blue altar of Sif Muna.
  7244 | D:7      | 7244 ||| Stepping ~*~*~tactically~*~*~ (hiding).
  7313 | D:7      | Reached XP level 10. HP: 63/63 MP: 13/13
  7385 | D:7      | Found a hazy altar of Hepliaklqana.
  7396 | D:7      | Reached skill level 10 in Axes
  7397 | D:7      | 7397 ||| READING scroll labelled OPSITANTAO.
  7398 | D:7      | 7398 ||| READING scroll labelled YMYKLIGECEZ.
  7549 | D:7      | 7549 ||| READING scroll labelled NES JUVITT.
  7550 | D:7      | 7550 ||| READING scroll labelled OZEUZXAIBA.
  7551 | D:7      | 7551 ||| READING 9 scrolls of identify.
  7551 | D:7      | 7551 ||| IDENTIFYING viscous orange potion
  7564 | D:8      | Noticed a two-headed ogre
  7565 | D:8      | 7565 ||| INVOKING Heroism.
  7573 | D:8      | Killed a two-headed ogre
  7573 | D:8      | Reached *** piety under Okawaru
  7574 | D:8      | Reached skill level 6 in Armour
  7681 | D:8      | Noticed Erica
  7682 | D:8      | 7682 ||| INVOKING Heroism.
  7709 | D:8      | Killed Erica
  8002 | D:8      | Noticed a two-headed ogre
  8004 | D:8      | 8004 ||| INVOKING Heroism.
  8009 | D:8      | Killed a two-headed ogre
  8009 | D:8      | Reached **** piety under Okawaru
  8068 | D:8      | 8068 ||| Stepping ~*~*~tactically~*~*~ (stealth).
  8401 | D:8      | Found a runed translucent gate.
  8401 | D:8      | Found a runed translucent gate.
  8401 | D:8      | Found a runed translucent gate.
  8403 | D:8      | Noticed a purple ugly thing
  8404 | D:8      | Noticed a cyan ugly thing
  8404 | D:8      | Noticed a white ugly thing
  8405 | D:8      | Noticed a cyan ugly thing
  8483 | D:8      | Noticed Joseph
  8484 | D:8      | 8484 ||| Stepping ~*~*~tactically~*~*~ (hiding).
  8498 | D:8      | 8498 ||| INVOKING Heroism.
  8504 | D:8      | Killed Joseph
  8504 | D:8      | Reached ***** piety under Okawaru
  8746 | D:8      | 8746 ||| INVOKING Heroism.
  8753 | D:8      | Reached XP level 11. HP: 43/69 MP: 11/15
  9029 | D:9      | You fall into a shaft and drop 2 floors!
  9098 | D:11     | Noticed Sonja
  9099 | D:11     | 9099 ||| INVOKING Finesse.
  9101 | Abyss:1  | Cast into level 1 of the Abyss (Sonja)
  9143 | Abyss:1  | 9143 ||| Stepping ~*~*~tactically~*~*~ (stealth).
  9144 | Abyss:1  | 9144 ||| Stepping ~*~*~tactically~*~*~ (stealth).
  9213 | Abyss:1  | Noticed a soul eater
  9228 | Abyss:1  | 9228 ||| INVOKING Heroism.
  9235 | Abyss:1  | Killed a soul eater
  9236 | Abyss:1  | Reached skill level 6 in Invocations
  9247 | Abyss:1  | 9247 ||| Stepping ~*~*~tactically~*~*~ (stealth).
  9261 | Abyss:1  | 9261 ||| INVOKING Heroism.
  9265 | Abyss:1  | HP: 7/69 [large abomination (22)]
  9266 | Abyss:1  | 9266 ||| READING 6 scrolls of teleportation.
  9266 | Abyss:1  | Mangled by a large abomination

Levels and vault maps discovered:
D:1:      dpeg_arrival_round_b, layout_basic, serial_co_window_serial,
          co_window_paths_b, co_window_paths_b, co_window_paths_b,
          co_window_cross_1, co_window_paths_a, co_window_unsneaky_path_b,
          co_window_cross_2, co_window_cross_4, glass_columns_a,
          glass_columns_a, glass_columns_c, glass_columns_b
D:2:      layout_loops_ring, dreamdust_ecumenical_altar_grove,
          grunt_ministairs_8
D:3:      layout_basic
D:4:      layout_cave_pools, lemuel_crystal_altar, serial_bayou,
          serial_bayou_lagoon_a, serial_bayou_pond_a, serial_bayou_pond_b,
          serial_bayou_shore_a, ebering_ghost_rock_garden, uniq_sigmund,
          uniq_eustachio
D:5:      layout_rooms, mainiacjoe_overflow_alcove_3,
          minmay_temple_entry_enclosed_plants, dreamdust_mushroom_princess,
          uniq_crazy_yiuf_cottage
D:6:      layout_basic, serial_shops, shop
D:7:      layout_cave_pools, grunt_qazlal_sundering,
          mainiacjoe_overflow_tiny_flanked, mainiacjoe_overflow_catwalk,
          uniq_maggie
D:8:      layout_cave_pods, ploomutoo_gammafunk_ghost_potion_laboratory,
          uniq_erica, uniq_joseph
D:9:      minmay_chambers_of_sevens, layout_loops_ring, bloody_makhleb,
          general_overflow_altar, serial_shops, kennysheep_little_box, shop,
          shop, shop
D:11:     layout_loops_ring, minmay_orc_entry_temple_large,
          minmay_misc_feat_pillars, uniq_nergalle, uniq_sonja
Temple:   nicolae_temple_no_exploring_needed
Abyss:1:  base: Temple, hangedman_abyss_or_decor_lesser_grid

Skill      XL: |  1  2  3  4  5  6  7  8  9 10 11 |
---------------+----------------------------------+-----
Axes           | 2 3 4 5 7 8 9 10 | 10.9
Fighting       | 4 5 7 8 |  8.5
Dodging        | 2 |  2.3
Throwing       | 1 |  1.0
Armour         | 4 5 6 |  6.9
Invocations    | 2 4 5 6 |  6.6
Shields        | 4 5 |  5.7

Action                   |  1- 3 |  4- 6 |  7- 9 | 10-12 || total
-------------------------+-------+-------+-------+-------++-------
Melee: War axe           |    82 |   117 |   268 |   173 ||   640
Throw: Boomerang         |       |     5 |    45 |       ||    50
Invok: Heroism           |       |       |     5 |     7 ||    12
       Finesse           |       |       |       |     1 ||     1
  Use: Scroll            |     6 |     3 |     5 |     6 ||    20
       Potion            |       |     3 |     2 |       ||     5
Armor: Scale mail        |    39 |    85 |    17 |       ||   141
       Chain mail        |       |       |   181 |   105 ||   286
Dodge: Dodged            |    29 |    54 |   125 |    61 ||   269
Block: Buckler           |    16 |    16 |    41 |    29 ||   102

Table legend:
 A = Non-vault XP
 B = Vault XP
 C = Vault XP percentage of total XP
 D = Non-vault monster count
 E = Vault monster count
 F = Vault count percentage of total count
                 A         B        C        D         E       F
            +---------+---------+-------+---------+---------+-------
      Total |    8609 |    2125 |  19.8 |     179 |      11 |   5.8
            +---------+---------+-------+---------+---------+-------
        D:1 |      49 |       0 |   0.0 |      21 |       0 |   0.0
        D:2 |      41 |       5 |  10.9 |      10 |       2 |  16.7
        D:3 |     274 |       0 |   0.0 |      31 |       0 |   0.0
        D:4 |     480 |     449 |  48.3 |      27 |       6 |  18.2
        D:5 |    1512 |       0 |   0.0 |      18 |       0 |   0.0
        D:6 |    1074 |       0 |   0.0 |      33 |       0 |   0.0
        D:7 |     796 |     379 |  32.3 |      13 |       1 |   7.1
        D:8 |    3087 |    1292 |  29.5 |      23 |       2 |   8.0
    Abyss:1 |    1296 |       0 |   0.0 |       3 |       0 |   0.0
            +---------+---------+-------+---------+---------+-------
